 Dungeon Crawl Stone Soup version 0.20-a0-468-g25c24e1 (webtiles) character file.

55286 PurpleRed the Severer (level 14, -8/133 HPs)
             Began as a Minotaur Abyssal Knight on Jan 13, 2017.
             Was the Champion of Lugonu.
             Mangled by a stone giant (35 damage)
             ... on level 2 of the Orcish Mines.
             The game lasted 01:11:13 (21873 turns).

PurpleRed the Severer (Minotaur Abyssal Knight)    Turns: 21873, Time: 01:11:14

Health: -8/133     AC: 21    Str: 21    XL:     14   Next: 37%
Magic:  26/26      EV: 10    Int: 14    God:    Lugonu [******]
Gold:   1738       SH:  0    Dex: 11    Spells: 8/13 levels left

rFire  . . .     SeeInvis .     a - +3 battleaxe
rCold  . . .     Gourm    .     m - +0 plate armour
rNeg   . . .     Faith    .     (shield currently unavailable)
rPois  .         Spirit   .     y - +3 hat of Pondering {ponderous, MR+ MP+10 Int+5}
rElec  .         Reflect  .     p - +1 cloak
rCorr  +         Harm     .     (no gloves)
MR     +++..                    (no boots)
Stlth  ..........               (no amulet)
                                D - ring of resist corrosion
                                K - ring of protection from magic

@: marked, slow
A: retaliatory headbutt, horns 2
a: Depart the Abyss, Bend Space, Banish, Corrupt, Enter the Abyss, Brand Weapon
With Distortion, Renounce Religion


You were on level 2 of the Orcish Mines.
You worshipped Lugonu.
Lugonu was exalted by your worship.
You were not hungry.

You visited 3 branches of the dungeon, and saw 18 of its levels.
You visited the Abyss 1 time.
You also visited: Ossuary and Bailey.

You collected 1853 gold pieces.
You spent 115 gold pieces at shops.

Inventory:

Hand Weapons
 a - a +3 battleaxe (weapon)
 b - the +5 longbow of Symmetry {venom, rF++ Str+4}
   (You found it in an ossuary)

   It poisons the ammo it fires.
   It affects your strength (+4).
   It greatly protects you from fire.
 i - a +2 dire flail of freezing
 U - a +1 hand axe of flaming
Missiles
 E - 354 arrows
 Q - a throwing net (quivered)
Armour
 m - a +0 plate armour (worn)
 p - a +1 cloak (worn)
 y - the +3 hat of Pondering (worn) {ponderous, MR+ MP+10 Int+5}
   (You took it off Gastronok on level 12 of the Dungeon)

   It affects your intelligence (+5).
   It affects your resistance to hostile enchantments.
   It affects your magic capacity (+10).
 R - a cursed -1 chain mail
Jewellery
 B - an uncursed ring of flight
 D - a ring of resist corrosion (right hand)
 I - an uncursed ring of ice
 K - a ring of protection from magic (left hand)
Wands
 h - a wand of polymorph (7/24)
 r - a wand of acid (5/15)
 H - a wand of paralysis (15/24)
 J - a wand of iceblast (5/15)
 M - a wand of paralysis (18/24)
 S - a wand of flame (20/48)
 W - a wand of paralysis (1/24)
 Y - a wand of lightning (2/15)
Scrolls
 f - 11 scrolls of remove curse
 k - 2 scrolls of teleportation
 l - 3 scrolls of blinking
 s - 3 scrolls of amnesia
 v - 3 scrolls of magic mapping
 A - a scroll of summoning
 F - 3 scrolls of silence
 L - a scroll of enchant weapon
 O - 2 scrolls of fog
Potions
 d - 3 potions of brilliance
 e - 3 potions of haste
 g - 2 potions of curing
 j - 3 potions of lignification
 n - a potion of invisibility
 t - 3 potions of cancellation
 u - a potion of heal wounds
 w - 3 potions of flight
 x - a potion of might
 z - 4 potions of magic
 G - a potion of berserk rage
 P - a potion of agility
Miscellaneous
 N - a phial of floods
Comestibles
 c - 13 bread rations
 o - 4 fruits
 q - a chunk of flesh
 C - 6 meat rations
 T - 7 beef jerkies


   Skills:
 + Level 14.3 Fighting
 - Level 20.1 Axes
 + Level 13.0 Armour
 + Level 7.4 Dodging
 - Level 5.0 Invocations


You had 8 spell levels left.
You knew the following spells:

 Your Spells              Type           Power        Failure   Level  Hunger
a - Confusing Touch       Hex            #.....       100%        1    ##.....
b - Confuse               Hex            #.......     100%        3    ####...
c - Apportation           Tloc           #.........   100%        1    ##.....


Dungeon Overview and Level Annotations

Branches:
Dungeon (15/15)            Temple (1/1) D:7            Lair (0/6) D:10
    Orc (2/2) D:12            Elf (0/3) Orc:2        Vaults (0/5) D:13
 Depths: D:15

Altars:
Ashenzari
Cheibriados
Dithmenos
Elyvilon
Fedhas
Gozag
Hepliaklqana
Kikubaaqudgha
Makhleb
Nemelex Xobeh
Okawaru
Qazlal
Ru
Sif Muna
Trog
Uskayaw
Vehumet
Xom
Yredelemnul
Zin
The Shining One
Beogh

Shops:
D:5 [?}::   D:9 %   D:11 *   D:13 =

Portals:
Trove: D:13 (give 16 scrolls of teleportation)

Annotations:
D:14 SaltCity's ghost, journeyman DsWn


Innate Abilities, Weirdness & Mutations

You reflexively headbutt those who attack you in melee.
You have a pair of horns on your head.


Message History

The stone giant is severely wounded.
You slash the orc!
You kill the orc!
Lugonu accepts your kill. The stone giant hits you!!
* * * LOW HITPOINT WARNING * * *
You hit the stone giant but do no damage.
The stone giant is severely wounded.
You hit the orc priest but do no damage.
The orc priest barely misses you. The stone giant hits you!
* * * LOW HITPOINT WARNING * * *
An orc comes into view. It is wielding a dagger.
You feel much better. The orc priest hits you. The stone giant hits you!!
* * * LOW HITPOINT WARNING * * *
You slice the orc priest!!
You kill the orc priest!
Lugonu accepts your kill.
You hit the stone giant but do no damage.
The stone giant hits you!!
You die...

#..................#.#
#.......................
#......................#
#..............##.......
#......................#
#..<...................#
#.....................
##....†............#.##
##............(C@.....#
#......).......[##...##
#..............o#.....#
#.............o#........
#....>.......($.........
#.....................#.
##....#..............#.
#.................C....
##.....................


You could see a stone giant and 2 orcs.

Vanquished Creatures
  Gastronok (D:12)
  Snorg (Orc:1)
  Josephine (D:12)
  An ogre mage (Orc:1)
  The ghost of ghowell the Blocker, a journeyman HOFi of Beogh (Orc:1)
  8 vault guards
  3 hydras
  Erica (D:10)
  A death knight (D:13)
  10 two-headed ogres
  The ghost of Devintownsend the Fighter, a novice OgBe of Trog (Bailey)
  5 unseen horrors
  An orc knight (Bailey)
  A phantasmal warrior (D:13)
  A deep elf mage (D:12)
  4 manticores
  An orc sorcerer (Orc:2)
  3 ugly things (D:12)
  A cyclops (Orc:2)
  A black mamba (shapeshifter) (D:13)
  Joseph (D:10)
  4 komodo dragons
  A kobold demonologist (D:14)
  2 freezing wraiths
  6 yaktaurs (D:15)
  A tengu conjurer (D:15)
  7 trolls
  A hornet (D:10)
  4 hippogriffs
  6 slime creatures
  A spriggan (shapeshifter) (D:13)
  A shadow (D:13)
  Sigmund (D:3)
  8 redbacks
  16 yaks
  3 wyverns
  2 vampires
  Eustachio (D:6)
  3 wraiths (D:12)
  2 hungry ghosts
  A basilisk (D:13)
  A soldier ant (D:11)
  2 wargs
  A water moccasin (D:11)
  2 ice beasts
  7 sky beasts
  An eye of draining (D:13)
  29 orc warriors
  3 necrophages
  3 phantoms
  2 black bears
  18 ogres
  4 boggarts (D:15)
  15 centaurs
  A crocodile (D:9)
  6 big kobolds
  10 bullfrogs
  4 water moccasin zombies (Ossuary)
  A water moccasin skeleton (D:5)
  2 scorpions
  14 killer bees (D:11)
  9 wights
  A howler monkey (D:6)
  The ghost of CrazyKiwi the Firebug, a weakling OpFE (D:3)
  2 crimson imps
  A centaur zombie (D:5)
  Crazy Yiuf (D:5)
  A bullfrog zombie (D:12)
  3 centaur skeletons
  4 hounds
  A jelly (D:11)
  3 bullfrog skeletons
  13 orc priests
  12 orc wizards
  Jessica (D:2)
  3 iguanas
  13 worker ants
  Ijyb (D:3)
  3 big kobold zombies (Ossuary)
  2 mummies (Ossuary)
  8 gnolls
  2 worker ant zombies
  13 adders
  3 shadow imps
  An adder skeleton (D:4)
  6 adder zombies (Ossuary)
  2 worms
  2 dart slugs
  8 leopard geckos
  98 orcs
  4 ball pythons
  9 bats
  3 giant cockroaches
  2 gnoll zombies (Ossuary)
  18 goblins
  11 hobgoblins
  10 jackals
  47 kobolds
  5 quokkas
  6 frilled lizards
  5 hobgoblin zombies (Ossuary)
  5 kobold zombies (Ossuary)
  3 orc zombies (Ossuary)
  A quokka skeleton (D:7)
  5 rats
597 creatures vanquished.

Vanquished Creatures (others)
  A bullfrog (D:11)
  A giant cockroach (D:5)
  A kobold (D:11)
3 creatures vanquished.

Grand Total: 600 creatures vanquished

Notes
Turn   | Place    | Note
-------+----------+-------------------------------------------
     0 | Abyss:1  | PurpleRed the Minotaur Abyssal Knight began the quest for the Orb.
     0 | Abyss:1  | Reached XP level 1. HP: 19/19 MP: 1/1
    29 | Abyss:1  | Found a corrupted altar of Lugonu.
    70 | Abyss:2  | Noticed a large abomination
    99 | Abyss:2  | Noticed a green very ugly thing
    99 | Abyss:2  | Noticed a green very ugly thing
   100 | D:1      | Escaped the Abyss
   104 | D:1      | Noticed an electric eel
   104 | D:1      | Noticed an electric eel
   269 | D:1      | Reached skill level 3 in Axes
   329 | D:1      | Reached XP level 2. HP: 18/27 MP: 2/2
   492 | D:1      | Reached * piety under Lugonu
  1214 | D:2      | Found a glowing silver altar of Zin.
  1214 | D:2      | Found a hazy altar of Hepliaklqana.
  1336 | D:2      | Reached XP level 3. HP: 33/33 MP: 3/3
  1351 | D:2      | Reached skill level 4 in Axes
  1707 | D:2      | Reached XP level 4. HP: 39/40 MP: 4/4
  1949 | D:2      | Noticed Jessica
  1953 | D:2      | Killed Jessica
  1953 | D:2      | Reached skill level 5 in Axes
  2271 | D:3      | Reached ** piety under Lugonu
  2348 | D:3      | Noticed Sigmund
  2782 | D:4      | Reached XP level 5. HP: 32/46 MP: 5/5
  2995 | D:4      | Noticed an ogre
  3005 | D:4      | Killed an ogre
  3005 | D:4      | Reached skill level 6 in Axes
  3005 | D:4      | Reached XP level 6. HP: 41/52 MP: 6/6
  3120 | D:4      | Found a sparkling altar of Nemelex Xobeh.
  3480 | D:5      | Entered Level 5 of the Dungeon
  3491 | D:5      | Reached skill level 7 in Axes
  3497 | D:5      | Found a sand-covered staircase.
  3524 | D:5      | Found a white marble altar of Elyvilon.
  3558 | Ossuary  | Entered an ossuary
  3889 | Ossuary  | Reached skill level 5 in Armour
  3889 | Ossuary  | Reached XP level 7. HP: 55/59 MP: 7/7
  3903 | Ossuary  | Reached skill level 8 in Axes
  3930 | Ossuary  | Reached *** piety under Lugonu
  4189 | Ossuary  | Got a warped longbow
  4195 | Ossuary  | Identified the +5 longbow of Symmetry {venom, rF++ Str+4} (You found it in an ossuary)
  4264 | D:5      | Found Kuschir's Book Shoppe.
  4269 | D:5      | Found Uxuig's Book Shop.
  4273 | D:5      | Found Agidus's Magic Scroll Boutique.
  4279 | D:5      | Reached skill level 9 in Axes
  4427 | D:3      | Killed Sigmund
  4427 | D:3      | Reached XP level 8. HP: 60/66 MP: 8/8
  4656 | D:3      | Noticed CrazyKiwi's ghost (weakling OpFE)
  4664 | D:3      | Killed CrazyKiwi's ghost
  4749 | D:3      | Noticed Ijyb
  4766 | D:3      | Killed Ijyb
  4992 | D:5      | Found Elaom's Gadget Shoppe.
  5006 | D:5      | Bought a scroll of silence for 75 gold pieces
  5006 | D:5      | Bought a scroll of identify for 20 gold pieces
  5006 | D:5      | Bought a scroll of identify for 20 gold pieces
  5011 | D:5      | Reached skill level 14 in Axes
  5011 | D:5      | Reached skill level 10 in Armour
  5011 | D:5      | Reached XP level 9. HP: 71/71 MP: 9/9
  5072 | D:5      | Found Mees Pegri's Armour Shoppe.
  5242 | D:5      | Found a hide-covered altar of Uskayaw.
  5244 | D:5      | Found a sacrificial altar of Ru.
  5362 | D:5      | Reached **** piety under Lugonu
  5419 | D:5      | Found a runed door.
  5423 | D:5      | Noticed Crazy Yiuf
  5433 | D:5      | Killed Crazy Yiuf
  5540 | D:6      | Found a shattered altar of Ashenzari.
  6207 | D:6      | Noticed Eustachio
  6254 | D:6      | Killed Eustachio
  6254 | D:6      | Reached skill level 15 in Axes
  6285 | D:6      | Reached skill level 5 in Fighting
  6821 | D:7      | Found a glowing golden altar of the Shining One.
  7106 | D:7      | Reached XP level 10. HP: 55/83 MP: 10/10
  7231 | D:7      | Found a staircase to the Ecumenical Temple.
  7238 | Temple   | Entered the Ecumenical Temple
  7836 | D:8      | Reached ***** piety under Lugonu
  7935 | D:8      | Found a snail-covered altar of Cheibriados.
  8087 | D:8      | Noticed a two-headed ogre
  8093 | D:8      | Killed a two-headed ogre
  8572 | D:9      | Found a hazy altar of Hepliaklqana.
  8609 | D:9      | Noticed a two-headed ogre
  8624 | D:9      | Killed a two-headed ogre
  8827 | D:9      | Found Hubups's Food Emporium.
  9184 | D:9      | Found a burning altar of Makhleb.
  9719 | D:9      | Reached skill level 16 in Axes
  9898 | D:9      | Reached XP level 11. HP: 78/94 MP: 13/13
  9971 | D:10     | Entered Level 10 of the Dungeon
 10063 | D:10     | Killed an unseen horror
 10063 | D:10     | Reached skill level 5 in Invocations
 10428 | D:10     | Found a staircase to the Lair.
 11011 | D:10     | Noticed a two-headed ogre
 11353 | D:10     | Noticed Erica
 11362 | D:10     | Killed Erica
 11501 | D:10     | Noticed Joseph
 11530 | D:10     | Killed Joseph
 11648 | D:10     | Killed a two-headed ogre
 11648 | D:10     | Reached skill level 17 in Axes
 11823 | D:11     | Noticed a red ugly thing
 12587 | D:11     | Reached ****** piety under Lugonu
 12772 | D:11     | Killed an unseen horror
 12814 | D:11     | Reached skill level 10 in Fighting
 12827 | D:11     | Reached XP level 12. HP: 39/106 MP: 14/14
 13181 | D:11     | Found Fiuc Hot's Demolitions Depot.
 13258 | D:11     | Reached skill level 18 in Axes
 13818 | D:11     | Noticed a two-headed ogre
 13826 | D:11     | Killed a two-headed ogre
 14230 | D:12     | Noticed Josephine
 14240 | D:12     | Killed Josephine
 14607 | D:12     | Found a roughly hewn altar of Beogh.
 14650 | D:12     | Learned a level 1 spell: Confusing Touch
 14654 | D:12     | Learned a level 3 spell: Confuse
 14656 | D:12     | Learned a level 1 spell: Apportation
 14775 | D:12     | Found a staircase to the Orcish Mines.
 14790 | D:12     | Reached skill level 19 in Axes
 15079 | D:12     | Noticed a two-headed ogre
 15084 | D:12     | Noticed Gastronok
 15094 | D:12     | Killed a two-headed ogre
 15254 | D:12     | Killed Gastronok
 15990 | D:13     | Reached XP level 13. HP: 86/118 MP: 15/15
 16348 | D:13     | Found a gate to the Vaults.
 16711 | D:13     | Reached skill level 20 in Axes
 18331 | D:13     | Found Diwnuhy's Jewellery Boutique.
 18639 | D:13     | Found a portal to a secret trove of treasure.
 18830 | D:14     | Reached skill level 5 in Dodging
 19311 | D:14     | You fall through a shaft!
 19311 | D:15     | Entered Level 15 of the Dungeon
 19370 | D:15     | Reached XP level 14. HP: 39/130 MP: 16/16
 19928 | D:14     | Noticed SaltCity's ghost (journeyman DsWn)
 20296 | Orc:1    | Entered Level 1 of the Orcish Mines
 20296 | Orc:1    | Noticed ghowell's ghost (journeyman HOFi)
 20309 | Orc:1    | Killed ghowell's ghost
 20320 | Orc:1    | Found a flagged portal.
 20455 | Bailey   | Entered a bailey
 20469 | Bailey   | Noticed Devintownsend's ghost (novice OgBe)
 20484 | Bailey   | Killed Devintownsend's ghost
 20781 | Bailey   | Got a bone scythe
 20801 | Bailey   | Got an encrusted long sword
 20808 | Bailey   | Identified the +3 scythe "Xangaxir" {pain, Fragile rElec rN++ Stlth+} (You found it in a bailey)
 20810 | Bailey   | Identified the +6 long sword of Yredelemnul's Fury {drain, MR+ Str+4 Dex-2} (You found it in a bailey)
 20843 | Orc:1    | Noticed Snorg
 20858 | Orc:1    | Killed Snorg
 21632 | Orc:2    | Entered Level 2 of the Orcish Mines
 21657 | Orc:2    | Found a staircase to the Elven Halls.
 21851 | Orc:2    | Noticed a stone giant
 21873 | Orc:2    | Mangled by a stone giant

Vault maps used:
D:1:      arrival_aquarium_b, hex_large
D:2:      gammafunk_temple_overflow_wave, uniq_jessica
D:3:      kennysheep_goblin_castle, first_bread, uniq_sigmund
D:4:      nemelex_xobeh_ov_fountains_minmay
D:5:      elyvilon_altar_4, minitemple, nicolae_ossuary_entry_false_entrances,
          serial_shops, shop, shop, shop, kennysheep_little_box, shop,
          uniq_crazy_yiuf_cottage
D:6:      nicolae_ashenzari_panopticon, uniq_eustachio
D:7:      tso_oasis_becter, minmay_misc_feat_encased
D:8:      cheibrodos_worm_habitat
D:9:      bloody_makhleb, serial_shops, nicolae_shop_crystal, basic_altar,
          special_room, grunt_ogre_cave, grunt_ministairs_4
D:10:     lair_entry_dummy, uniq_joseph, uniq_erica
D:11:     nicolae_blasting_shop
D:12:     orc_0_dummy, special_room, uniq_gastronok, uniq_josephine
D:13:     erik_vaults_2, trove_entry_hex_spiral, serial_shops, shop_fountains,
          spider_trap, minmay_misc_feat_tower
D:14:     roderic_lattice_a, minmay_nine_imps
D:15:     grunt_enter_depths_magical_seal, basic_altar, serial_shops,
          shop_fountains, hex_medium, minmay_the_grid_2x2, uniq_agnes
Temple:   minmay_temple_curvy_loop
Orc:1:    enter_bailey_1, uniq_snorg
Orc:2:    st_orc_elflike, hangedman_minor_magic, uniq_maurice
Abyss:2:  guppyfry_abyss_exit_glass_guarded
Ossuary:  ossuary_tomb_2
Bailey:   bailey_axe_1, bailey

Skill      XL: |  1  2  3  4  5  6  7  8  9 10 11 12 13 14 |
---------------+-------------------------------------------+-----
Axes           | 3 4 5 6 7 9 14 15 16 17 19 20 | 20.1
Fighting       | 4 6 7 10 12 13 14 | 14.3
Armour         | 3 4 5 6 10 12 13 | 13.0
Invocations    | 2 4 5 |  5.0
Dodging        | 5 7 |  7.4

Action                   |  1- 3 |  4- 6 |  7- 9 | 10-12 | 13-15 || total
-------------------------+-------+-------+-------+-------+-------++-------
Melee: Hand axe          |    71 |   172 |   299 |       |    18 ||   560
       Headbutt          |     8 |    30 |    46 |   134 |   112 ||   330
       War axe           |       |       |    34 |   497 |       ||   531
       Battleaxe         |       |       |       |   304 |   522 ||   826
 Fire: Longbow           |       |       |    16 |    35 |    25 ||    76
Invok: Depart the Abyss  |     1 |       |       |       |       ||     1
Evoke: Wand              |       |     5 |       |    11 |     4 ||    20
  Use: Scroll            |     3 |     7 |    10 |     7 |     4 ||    31
       Potion            |     1 |       |     1 |     3 |    10 ||    15
 Stab: Paralysed         |       |       |       |       |     1 ||     1
  Eat: Chunk             |     2 |     6 |    10 |    30 |    18 ||    66
       Fruit             |       |     1 |     1 |     1 |     2 ||     5
       Pizza             |       |       |       |     2 |       ||     2
Armor: Leather armour    |    23 |       |       |       |       ||    23
       Plate armour      |     4 |   101 |   161 |   460 |   337 ||  1063
Dodge: Dodged            |    43 |    49 |    72 |   200 |   206 ||   570
